| TOP OF THE 1ST |
|
Washington (APP) Nationals batting - Pitching for Ogden Raptors : LHP Randy Dupuis
|
|
Pitching: LHP Randy Dupuis
|
|
|
Batting: LHB Vince McLane
|
0-0: Ball 1-0: Called Strike 1-1: Ground out 4-3 (Groundball, 4, EV 90.0 MPH)
|
|
Batting: RHB Antonio Vallez
|
0-0: Called Strike 0-1: Foul Ball, location: 2F 0-2: Strikes out looking
|
|
Batting: RHB Antonio Laurel
|
0-0: Foul Ball, location: 2F 0-1: Called Strike 0-2: Ball 1-2: Ball 2-2: Ball 3-2: Base on Balls
|
|
Batting: SHB Gabe Fraunfelder
|
0-0: Ball 1-0: Ball 2-0: Ball 3-0: Called Strike 3-1: Base on Balls Antonio Laurel to second
|
|
Batting: RHB Tylor Cyr
|
0-0: Ball 1-0: Ball 2-0: Called Strike 2-1: Ball 3-1: Foul Ball, location: 2F 3-2: Foul Ball, location: 2F 3-2: Ground out 5-3 (Groundball, 56, EV 80.6 MPH)
|
| Top of the 1st over - 0 runs, 0 hits, 0 errors, 2 left on base; Washington (APP) 0 - Ogden 0 |
| BOTTOM OF THE 1ST |
|
Ogden Raptors batting - Pitching for Washington (APP) Nationals : RHP Nate Vandergriff
|
|
Pitching: RHP Nate Vandergriff
|
|
|
Batting: LHB Cory Bowler
|
0-0: Ball 1-0: Ball 2-0: Ball 3-0: Called Strike 3-1: Base on Balls
|
|
Batting: LHB Nate Kee
|
0-0: Ball Cory Bowler steals 2nd base 1-0: Called Strike 1-1: Reached on error, E4 (Groundball, 34, EV 86.2 MPH) Cory Bowler to third
|
|
Batting: RHB Chad Rojas
|
0-0: Ball 1-0: Ball 2-0: Ball 3-0: Foul Ball, location: 2F 3-1: DOUBLE (Flyball, 89XD, EV 110.6 MPH) Cory Bowler scores Nate Kee to third
|
|
Batting: LHB Mitchell Casey
|
0-0: Ball Wild Pitch! Nate Kee scores Chad Rojas to third 1-0: Foul Ball, location: 2F 1-1: SINGLE (Groundball, 6D, EV 95.0 MPH) Chad Rojas scores
|
|
Batting: RHB Justin Curran
|
0-0: Ball 1-0: Ball 2-0: Ball 3-0: Called Strike 3-1: Foul Ball, location: 2F 3-2: Fly out, F8 (Flyball, 8LD, EV 102.5 MPH)
|
|
Batting: RHB Mike Kaczor
|
0-0: Swinging Strike 0-1: DOUBLE (Line Drive, 78M, EV 108.8 MPH) Mitchell Casey to third
|
|
Batting: SHB Dave Reynoso
|
0-0: Ground out U3 (Groundball, 34, EV 86.9 MPH) Mitchell Casey scores Mike Kaczor to third
|
|
Batting: RHB Brad Brady
|
0-0: Foul Ball, location: 2F 0-1: Called Strike 0-2: Strikes out looking
|
| Bottom of the 1st over - 4 runs, 3 hits, 1 error, 1 left on base; Washington (APP) 0 - Ogden 4 |
| TOP OF THE 2ND |
|
Washington (APP) Nationals batting - Pitching for Ogden Raptors : LHP Randy Dupuis
|
|
Batting: RHB Lamar Thornton
|
0-0: Ball 1-0: Fly out, F7 (Flyball, 7LM, EV 90.6 MPH)
|
|
Batting: RHB Jessie Fisher
|
0-0: Ball 1-0: Ball 2-0: Ball 3-0: Base on Balls
|
|
Batting: RHB Jason Ewert
|
0-0: Ball 1-0: Ball 2-0: Fly out, F7 (Flyball, 78D, EV 100.6 MPH)
|
|
Batting: LHB Jim Weidman
|
0-0: Ball 1-0: Ball 2-0: Foul Ball, location: 2F 2-1: Ball 3-1: Ground out 4-3 (Groundball, 34, EV 89.4 MPH)
|
| Top of the 2nd over - 0 runs, 0 hits, 0 errors, 1 left on base; Washington (APP) 0 - Ogden 4 |
| BOTTOM OF THE 2ND |
|
Ogden Raptors batting - Pitching for Washington (APP) Nationals : RHP Nate Vandergriff
|
|
Batting: SHB Jason Todd
|
0-0: Ball 1-0: Foul Ball, location: 2F 1-1: Swinging Strike 1-2: Ball 2-2: DOUBLE (Line Drive, 9LM, EV 113.1 MPH)
|
|
Batting: LHB Cory Bowler
|
0-0: Ball 1-0: Ball 2-0: Called Strike 2-1: Ball Wild Pitch! Jason Todd to third 3-1: Called Strike 3-2: SINGLE (Line Drive, 5D, EV 105.6 MPH) Jason Todd scores
|
|
Batting: LHB Nate Kee
|
0-0: Called Strike Cory Bowler steals 2nd base 0-1: Ball 1-1: Ball 2-1: Called Strike 2-2: Foul Ball, location: 2F 2-2: DOUBLE (Flyball, 8LXD, EV 94.4 MPH) Cory Bowler scores
|
|
Batting: RHB Chad Rojas
|
0-0: Hit by Pitch
|
|
Pinch Runner at 1st Joe Bower:
|
|
|
Batting: LHB Mitchell Casey
|
0-0: Swinging Strike 0-1: Foul Ball, location: 2F 0-2: Strikes out swinging
|
|
Batting: RHB Justin Curran
|
0-0: Foul Ball, location: 2F 0-1: Foul Ball, location: 2F 0-2: Fielders Choice at 2nd, 5-4 (Groundball, 5, EV 101.9 MPH) Nate Kee to third
|
|
Batting: RHB Mike Kaczor
|
0-0: Ball 1-0: Ball 2-0: Called Strike 2-1: Ball 3-1: Foul Ball, location: 2F 3-2: Base on Balls Justin Curran to second
|
|
Batting: SHB Dave Reynoso
|
0-0: Ball 1-0: Ball 2-0: Ball 3-0: Called Strike 3-1: Base on Balls Nate Kee scores Justin Curran to third Mike Kaczor to second
|
|
Pitching: RHP Halewijn Bos
|
|
|
Batting: RHB Brad Brady
|
0-0: Ball 1-0: Ball 2-0: Foul Ball, location: 2F 2-1: Ball 3-1: Base on Balls Justin Curran scores Mike Kaczor to third Dave Reynoso to second
|
|
Batting: SHB Jason Todd
|
0-0: Hit by Pitch Mike Kaczor scores Dave Reynoso to third Brad Brady to second
|
|
Batting: LHB Cory Bowler
|
0-0: Called Strike 0-1: SINGLE (Line Drive, 4MD, EV 95.6 MPH) Dave Reynoso scores Brad Brady to third Jason Todd to second
|
|
Batting: LHB Nate Kee
|
0-0: Ball 1-0: Foul Ball, location: 2F 1-1: Swinging Strike 1-2: Foul Ball, location: 2F 1-2: GRAND SLAM HOME RUN (Flyball, 89XD, EV 105.0 MPH), Distance : 424 ft
|
|
Pitching: LHP Chance McWilliams
|
|
|
Batting: RHB Joe Bower
|
0-0: DOUBLE (Flyball, 8LXD, EV 109.4 MPH)
|
|
Batting: LHB Mitchell Casey
|
0-0: Called Strike 0-1: DOUBLE (Flyball, 89XD, EV 102.5 MPH) Joe Bower scores
|
|
Batting: RHB Justin Curran
|
0-0: Called Strike 0-1: Called Strike 0-2: Strikes out swinging
|
| Bottom of the 2nd over - 11 runs, 7 hits, 0 errors, 1 left on base; Washington (APP) 0 - Ogden 15 |
| TOP OF THE 3RD |
|
Washington (APP) Nationals batting - Pitching for Ogden Raptors : LHP Randy Dupuis
|
|
Now in RF: Joe Bower
|
|
|
Batting: LHB Vince McLane
|
0-0: Ball 1-0: Ball 2-0: Ball 3-0: Called Strike 3-1: Ground out 5-3 (Groundball, 56, EV 80.6 MPH)
|
|
Batting: RHB Antonio Vallez
|
0-0: Called Strike 0-1: Called Strike 0-2: Ball 1-2: Foul Ball, location: 2F 1-2: Ball 2-2: Ball 3-2: Strikes out looking
|
|
Batting: RHB Antonio Laurel
|
0-0: Swinging Strike 0-1: Swinging Strike 0-2: Ground out 5-3 (Groundball, 56, EV 99.4 MPH)
|
| Top of the 3rd over - 0 runs, 0 hits, 0 errors, 0 left on base; Washington (APP) 0 - Ogden 15 |
| BOTTOM OF THE 3RD |
|
Ogden Raptors batting - Pitching for Washington (APP) Nationals : LHP Chance McWilliams
|
|
Batting: RHB Mike Kaczor
|
0-0: Called Strike 0-1: Ball 1-1: Swinging Strike 1-2: Ball 2-2: Strikes out looking
|
|
Batting: SHB Dave Reynoso
|
0-0: Fly out, F5 (Line Drive, 5L, EV 61.9 MPH)
|
|
Batting: RHB Brad Brady
|
0-0: Ball 1-0: Foul Ball, location: 2F 1-1: Called Strike 1-2: Fly out, F8 (Flyball, 8LD, EV 101.2 MPH)
|
| Bottom of the 3rd over - 0 runs, 0 hits, 0 errors, 0 left on base; Washington (APP) 0 - Ogden 15 |
| TOP OF THE 4TH |
|
Washington (APP) Nationals batting - Pitching for Ogden Raptors : LHP Randy Dupuis
|
|
Batting: SHB Gabe Fraunfelder
|
0-0: Ball 1-0: Swinging Strike 1-1: Swinging Strike 1-2: Ball 2-2: Foul Ball, location: 2F 2-2: Foul Ball, location: 2F 2-2: SINGLE (Groundball, 56D, EV 108.8 MPH)
|
|
Batting: RHB Tylor Cyr
|
0-0: Ball Gabe Fraunfelder steals 2nd base 1-0: Ball Gabe Fraunfelder is caught stealing 3rd base 2-5 2-0: Called Strike 2-1: Swinging Strike 2-2: SINGLE (Groundball, 5S, EV 68.1 MPH) (infield hit)
|
|
Batting: RHB Lamar Thornton
|
0-0: Foul Ball, location: 2F 0-1: Ball 1-1: Foul Ball, location: 2F 1-2: Fielders Choice at 2nd, 4-6 (Groundball, 4M, EV 103.8 MPH)
|
|
Batting: RHB Jessie Fisher
|
0-0: SINGLE (Groundball, 56D, EV 103.8 MPH) Lamar Thornton to second
|
|
Batting: RHB Jason Ewert
|
0-0: Ball 1-0: Ball 2-0: Foul Ball, location: 2F 2-1: Ball 3-1: Base on Balls Lamar Thornton to third Jessie Fisher to second
|
|
Batting: LHB Jim Weidman
|
0-0: Fly out, F5 (Popup, 56S, EV 70.0 MPH)
|
| Top of the 4th over - 0 runs, 3 hits, 0 errors, 3 left on base; Washington (APP) 0 - Ogden 15 |
| BOTTOM OF THE 4TH |
|
Ogden Raptors batting - Pitching for Washington (APP) Nationals : LHP Chance McWilliams
|
|
Batting: SHB Jason Todd
|
0-0: Called Strike 0-1: Swinging Strike 0-2: Ball 1-2: SINGLE (Groundball, 5S, EV 68.8 MPH) (infield hit)
|
|
Batting: LHB Cory Bowler
|
0-0: Swinging Strike 0-1: Called Strike 0-2: Ball 1-2: Ball 2-2: Ball 3-2: Base on Balls Jason Todd to second
|
|
Batting: LHB Nate Kee
|
0-0: Ball 1-0: Called Strike 1-1: Ball 2-1: SINGLE (Groundball, 4D, EV 96.9 MPH) Jason Todd to third Cory Bowler to second Runner from 3rd tries for Home, throw by CF and OUT! 8-2
|
|
Batting: RHB Joe Bower
|
0-0: Ball 1-0: Ball 2-0: Ball 3-0: Base on Balls Cory Bowler to third Nate Kee to second
|
|
Pitching: LHP Elias Posada
|
|
|
Batting: LHB Mitchell Casey
|
0-0: GRAND SLAM HOME RUN (Flyball, 9D, EV 96.2 MPH), Distance : 389 ft
|
|
Batting: RHB Justin Curran
|
0-0: Ball 1-0: Called Strike 1-1: Foul Ball, location: 2F 1-2: Foul Ball, location: 2F 1-2: SINGLE (Line Drive, 8LS, EV 100.6 MPH)
|
|
Batting: RHB Mike Kaczor
|
0-0: Called Strike 0-1: Called Strike 0-2: Strikes out swinging
|
|
Batting: SHB Dave Reynoso
|
0-0: Called Strike 0-1: Called Strike 0-2: Ball 1-2: Strikes out swinging, 2-3 out at first.
|
| Bottom of the 4th over - 4 runs, 4 hits, 0 errors, 1 left on base; Washington (APP) 0 - Ogden 19 |
| TOP OF THE 5TH |
|
Washington (APP) Nationals batting - Pitching for Ogden Raptors : LHP Randy Dupuis
|
|
Batting: LHB Vince McLane
|
0-0: Ball 1-0: Ball 2-0: Swinging Strike 2-1: Foul Ball, location: 2F 2-2: Ball 3-2: Foul Ball, location: 2F 3-2: Foul Ball, location: 2F 3-2: Strikes out swinging
|
|
Batting: RHB Antonio Vallez
|
0-0: Called Strike 0-1: DOUBLE (Line Drive, 8RXD, EV 107.5 MPH)
|
|
Batting: RHB Antonio Laurel
|
0-0: Called Strike 0-1: Ball 1-1: Ball 2-1: Called Strike 2-2: Foul Ball, location: 2F 2-2: Ball 3-2: Strikes out swinging
|
|
Batting: SHB Gabe Fraunfelder
|
0-0: Ball 1-0: Called Strike 1-1: Ground out 6-3 (Groundball, 6, EV 80.6 MPH)
|
| Top of the 5th over - 0 runs, 1 hit, 0 errors, 1 left on base; Washington (APP) 0 - Ogden 19 |
| BOTTOM OF THE 5TH |
|
Ogden Raptors batting - Pitching for Washington (APP) Nationals : LHP Elias Posada
|
|
Batting: RHB Brad Brady
|
0-0: Foul Ball, location: 2F 0-1: Ball 1-1: SINGLE (Groundball, 6MD, EV 97.5 MPH)
|
|
Batting: SHB Jason Todd
|
0-0: Fielders Choice at 2nd, 6-4 (Groundball, 6M, EV 91.9 MPH)
|
|
Batting: LHB Cory Bowler
|
0-0: Ball 1-0: Foul Ball, location: 2F 1-1: Foul Ball, location: 2F Balk! Jason Todd to second 1-2: Ball 2-2: Foul Ball, location: 2F 2-2: Ground out 6-3 (Groundball, 6, EV 76.2 MPH) Jason Todd to third
|
|
Batting: LHB Nate Kee
|
0-0: Called Strike 0-1: Ball Wild Pitch! Jason Todd scores 1-1: Ball 2-1: Ball 3-1: Ground out 4-3 (Groundball, 4, EV 93.8 MPH)
|
| Bottom of the 5th over - 1 run, 1 hit, 0 errors, 0 left on base; Washington (APP) 0 - Ogden 20 |
| TOP OF THE 6TH |
|
Washington (APP) Nationals batting - Pitching for Ogden Raptors : LHP Randy Dupuis
|
|
Batting: RHB Tylor Cyr
|
0-0: Called Strike 0-1: Foul Ball, location: 2F 0-2: Ball 1-2: Foul Ball, location: 2F 1-2: SINGLE (Line Drive, 78S, EV 93.8 MPH)
|
|
Batting: RHB Lamar Thornton
|
0-0: Ball 1-0: Fly out, F4 (Popup, 4MD, EV 67.5 MPH)
|
|
Batting: RHB Jessie Fisher
|
0-0: Ball 1-0: Swinging Strike 1-1: Foul Ball, location: 2F 1-2: Ball 2-2: Foul Ball, location: 2F 2-2: Foul Ball, location: 2F 2-2: Strikes out swinging
|
|
Batting: RHB Jason Ewert
|
0-0: Called Strike 0-1: Foul Ball, location: 2F 0-2: Ball 1-2: Ball 2-2: 2-RUN HOME RUN (Line Drive, 78XD, EV 111.9 MPH), Distance : 427 ft
|
|
Batting: LHB Jim Weidman
|
0-0: Ball 1-0: Called Strike 1-1: Swinging Strike 1-2: Foul Ball, location: 2F 1-2: Foul Ball, location: 2F 1-2: Strikes out looking
|
| Top of the 6th over - 2 runs, 2 hits, 0 errors, 0 left on base; Washington (APP) 2 - Ogden 20 |
| BOTTOM OF THE 6TH |
|
Ogden Raptors batting - Pitching for Washington (APP) Nationals : LHP Elias Posada
|
|
Batting: RHB Joe Bower
|
0-0: Ball 1-0: Ball 2-0: Foul Ball, location: 2F 2-1: Foul Ball, location: 2F 2-2: Fly out, F7 (Flyball, 78M, EV 93.8 MPH)
|
|
Batting: LHB Mitchell Casey
|
0-0: Ball 1-0: Called Strike 1-1: Ball 2-1: Fly out, F8 (Flyball, 8LM, EV 91.9 MPH)
|
|
Pitching: RHP Justin Van Houten
|
|
|
Batting: RHB Justin Curran
|
0-0: Ball 1-0: Called Strike 1-1: Ball 2-1: Ball 3-1: Foul Ball, location: 2F 3-2: Strikes out swinging
|
| Bottom of the 6th over - 0 runs, 0 hits, 0 errors, 0 left on base; Washington (APP) 2 - Ogden 20 |
| TOP OF THE 7TH |
|
Washington (APP) Nationals batting - Pitching for Ogden Raptors : LHP Randy Dupuis
|
|
Pitching: RHP Alfredo Sanchez
|
|
|
Batting: LHB Vince McLane
|
0-0: Ground out 4-3 (Groundball, 4, EV 103.8 MPH)
|
|
Batting: RHB Antonio Vallez
|
0-0: Ball 1-0: Ball 2-0: Ball 3-0: Foul Ball, location: 2F 3-1: Ground out 6-3 (Groundball, 6, EV 85.0 MPH)
|
|
Batting: RHB Antonio Laurel
|
0-0: Ball 1-0: Ball 2-0: Foul Ball, location: 2F 2-1: Ball 3-1: Base on Balls
|
|
Batting: SHB Gabe Fraunfelder
|
0-0: Ball 1-0: Foul Ball, location: 2F 1-1: Ball 2-1: Foul Ball, location: 2F 2-2: 2-RUN HOME RUN (Flyball, 89XD, EV 108.1 MPH), Distance : 419 ft
|
|
Batting: RHB Tylor Cyr
|
0-0: Called Strike 0-1: Ball 1-1: Called Strike 1-2: Foul Ball, location: 2F 1-2: Ball 2-2: Foul Ball, location: 2F 2-2: Foul Ball, location: 2F 2-2: Strikes out swinging
|
| Top of the 7th over - 2 runs, 1 hit, 0 errors, 0 left on base; Washington (APP) 4 - Ogden 20 |
| BOTTOM OF THE 7TH |
|
Ogden Raptors batting - Pitching for Washington (APP) Nationals : RHP Justin Van Houten
|
|
Batting: RHB Mike Kaczor
|
0-0: Called Strike 0-1: Ball 1-1: Ball 2-1: Ball 3-1: Base on Balls
|
|
Batting: SHB Dave Reynoso
|
0-0: Ball 1-0: 2-RUN HOME RUN (Flyball, 7D, EV 98.8 MPH), Distance : 394 ft
|
|
Batting: RHB Brad Brady
|
0-0: Called Strike 0-1: Called Strike 0-2: Ball 1-2: Ball 2-2: Foul Ball, location: 2F 2-2: Foul Ball, location: 2F 2-2: Ground out 4-3 (Groundball, 34, EV 102.5 MPH)
|
|
Batting: SHB Jason Todd
|
0-0: Ball 1-0: Ball 2-0: Foul Ball, location: 2F 2-1: Foul Ball, location: 2F 2-2: Foul Ball, location: 2F 2-2: Strikes out swinging
|
|
Batting: LHB Cory Bowler
|
0-0: Ball 1-0: Ball 2-0: Ball 3-0: Called Strike 3-1: Base on Balls
|
|
Batting: LHB Nate Kee
|
0-0: Called Strike 0-1: Ground out 4-3 (Groundball, 4, EV 83.1 MPH)
|
| Bottom of the 7th over - 2 runs, 1 hit, 0 errors, 1 left on base; Washington (APP) 4 - Ogden 22 |
| TOP OF THE 8TH |
|
Washington (APP) Nationals batting - Pitching for Ogden Raptors : RHP Alfredo Sanchez
|
|
Pitching: RHP Balinda Msrah
|
|
|
Batting: RHB Lamar Thornton
|
0-0: Called Strike 0-1: Fly out, F8 (Flyball, 8LXD, EV 77.5 MPH)
|
|
Batting: RHB Jessie Fisher
|
0-0: Ball 1-0: Swinging Strike 1-1: Called Strike 1-2: Strikes out looking
|
|
Batting: RHB Jason Ewert
|
0-0: SINGLE (Groundball, 56D, EV 97.5 MPH) (infield hit)
|
|
Batting: LHB Jim Weidman
|
0-0: Swinging Strike 0-1: Foul Ball, location: 2F 0-2: Ground out U3 (Groundball, 34, EV 86.9 MPH)
|
| Top of the 8th over - 0 runs, 1 hit, 0 errors, 1 left on base; Washington (APP) 4 - Ogden 22 |
| BOTTOM OF THE 8TH |
|
Ogden Raptors batting - Pitching for Washington (APP) Nationals : RHP Justin Van Houten
|
|
Pitching: LHP Mike Rosas
|
|
|
Batting: RHB Joe Bower
|
0-0: Ball 1-0: SOLO HOME RUN (Flyball, 9D, EV 100.6 MPH), Distance : 384 ft
|
|
Batting: LHB Mitchell Casey
|
0-0: Called Strike 0-1: Ball 1-1: Fly out, F4 (Line Drive, 4, EV 67.5 MPH)
|
|
Batting: RHB Justin Curran
|
0-0: Ball 1-0: Called Strike 1-1: Called Strike 1-2: Ball 2-2: Ball 3-2: Foul Ball, location: 2F 3-2: SINGLE (Groundball, 6, EV 95.0 MPH)
|
|
Batting: RHB Mike Kaczor
|
0-0: Called Strike 0-1: Called Strike 0-2: Ball 1-2: Strikes out swinging
|
|
Batting: SHB Dave Reynoso
|
0-0: Foul Ball, location: 2F 0-1: Ball 1-1: TRIPLE (Flyball, 89XD, EV 100.0 MPH) Justin Curran scores
|
|
Pitching: RHP Omar Perez
|
|
|
Batting: RHB Brad Brady
|
0-0: Ball 1-0: Foul Ball, location: 2F 1-1: 2-RUN HOME RUN (Flyball, 78XD, EV 105.0 MPH), Distance : 432 ft
|
|
Batting: SHB Jason Todd
|
0-0: Ground out U3 (Groundball, 34S, EV 84.4 MPH)
|
| Bottom of the 8th over - 4 runs, 4 hits, 0 errors, 0 left on base; Washington (APP) 4 - Ogden 26 |
| TOP OF THE 9TH |
|
Washington (APP) Nationals batting - Pitching for Ogden Raptors : RHP Balinda Msrah
|
|
Batting: LHB Vince McLane
|
0-0: Ball 1-0: Ground out 5-3 (Groundball, 15, EV 80.6 MPH)
|
|
Batting: RHB Antonio Vallez
|
0-0: Fly out, F7 (Flyball, 7S, EV 78.8 MPH)
|
|
Batting: RHB Antonio Laurel
|
0-0: Ball 1-0: Ball 2-0: Foul Ball, location: 2F 2-1: Fly out, F7 (Flyball, 78S, EV 83.1 MPH)
|
| Top of the 9th over - 0 runs, 0 hits, 0 errors, 0 left on base; Washington (APP) 4 - Ogden 26 |
|